 Dungeon Sprint DCSS version 0.30-a0-939-gc8157cb160 (webtiles) character file.

Game seed: 8605645699269873495

1400000 fozzywoppz the Dissident (level 14, -3/126 HPs)
             Began as a Gnoll Warper on Mar 25, 2023.
             Slain by a meat berserker
             ... wielding a +9 battleaxe
              (45 damage)
             ... in the Dungeon (Sprint VIII: "Arena of Blood").
             The game lasted 00:00:44 (14 turns).

fozzywoppz the Dissident (Gnoll Warper)               Turns: 14, Time: 00:00:44

Health: -3/126     AC:  5    Str: 14    XL:     14   Next: 73%
Magic:  9/34       EV: 19    Int: 13    God:
Gold:   0          SH:  0    Dex: 13    Spells: 46/46 levels left

rFire   . . .      SeeInvis .    j - +∞ Axe of Woe
rCold   . . .      Faith    .    (shield currently unavailable)
rNeg    . . .      Spirit   .    b - +0 leather armour
rPois   .          Reflect  .    (no helmet)
rElec   .          Rampage  .    (no cloak)
rCorr   .          NoTele   +    (no gloves)
Will    +....                    (no boots)
Stlth   ++++++                   (no amulet)
HPRegen 0.41/turn                k - +30 ring of slaying
MPRegen 0.24/turn                (no ring)

@: no status effects
A: fangs 1, strong nose, distributed training
a: no special abilities


You were in the Dungeon.
You visited 1 branch

Inventory:

Hand Weapons
 a - a +0 hand axe
 j - the +∞ Axe of Woe (weapon)
   (You found it in the Dungeon)
Missiles
 d - 7 boomerangs of dispersal (quivered)
Armour
 b - a +0 leather armour (worn)
Jewellery
 k - a +30 ring of slaying (left hand)
Scrolls
 c - 2 scrolls of blinking
Potions
 e - a potion of curing
 f - a potion of heal wounds
 g - a potion of haste
 h - 2 potions of magic
 i - a potion of berserk rage


   Skills:
 + Level 16.4 Fighting
 + Level 15.9 Short Blades
 + Level 15.9 Long Blades
 + Level 16.4 Axes
 + Level 15.9 Maces & Flails
 + Level 15.9 Polearms
 + Level 15.9 Staves
 + Level 15.9 Ranged Weapons
 + Level 16.1 Throwing
 + Level 16.1 Armour
 + Level 16.4 Dodging
 + Level 15.9 Stealth
 + Level 15.9 Shields
 + Level 15.9 Unarmed Combat
 + Level 16.6 Spellcasting
 + Level 13.5 Conjurations
 + Level 13.5 Hexes
 + Level 13.5 Summonings
 + Level 13.5 Necromancy
 + Level 14.5 Translocations
 + Level 13.5 Transmutations
 + Level 13.5 Fire Magic
 + Level 13.5 Ice Magic
 + Level 13.5 Air Magic
 + Level 13.5 Earth Magic
 + Level 13.5 Poison Magic
 + Level 17.2 Invocations
 + Level 15.9 Evocations


You had 46 spell levels left.
You didn't know any spells.
Your spell library contained the following spells:

 Spells                   Type           Power      Damage    Failure   Level
 Blink                    Tloc           96%        N/A       1%          2
 Lesser Beckoning         Tloc           96%        N/A       1%          2
 Teleport Other           Tloc           48%        N/A       1%          3
 Vhi's Electric Charge    Tloc/Air       94%        N/A       1%          3
 Manifold Assault         Tloc           48%        N/A       1%          4


Dungeon Overview and Level Annotations

Branches:
Dungeon (1/1)

Altars:
Makhleb


Innate Abilities, Weirdness & Mutations

You have very sharp teeth.
Your uncanny sense of smell can sniff out nearby items.
Your experience applies equally to all skills.


Message History

Your Hexes skill increases to level 13!
Your Summonings skill increases to level 13!
Your Necromancy skill increases to level 13!
Your Translocations skill increases to level 14!
Your Transmutations skill increases to level 13!
Your Fire Magic skill increases to level 13!
Your Ice Magic skill increases to level 13!
Your Air Magic skill increases to level 13!
Your Earth Magic skill increases to level 13!
Your Poison Magic skill increases to level 13!
Your Invocations skill increases to level 16!
Your Evocations skill increases to level 15!
You have reached level 14!
Okay, then.
The meat berserker appears out of thin air!
A meat berserker comes into view. It is wielding a +9 battleaxe.
You hear a shout! x10; The meat berserker shouts!
You cut the bag of meat into ribbons!!! You chop the bag of meat into pieces.
You kill the bag of meat!
You hear a shout! x9
A bag of meat comes into view. It is wielding a +9 war axe.
The meat berserker hits you with a +9 battleaxe!!!
You hear a shout! x4
The bag of meat hits you with a +9 war axe!!
Your Throwing skill increases to level 16!
Your Armour skill increases to level 16!
Your Invocations skill increases to level 17!
You slash the meat berserker!
You hew the meat berserker savagely.
You kill the meat berserker!
You slice the meat berserker!!
You pulverise the meat berserker into a thin bloody mist.
You kill the meat berserker!
You slash the meat berserker!
You chop the meat berserker into pieces.
You kill the meat berserker!
You slice the bag of meat!!
You slaughter the bag of meat joyfully.
You kill the bag of meat!
You hear a shout! x8
The meat berserker hits you with a +9 battleaxe!!!
You die...

.. .. ... ..
#.. o# . #..
..# ..###..
..###.
......###......
O...O.._.......
#O.)..# #_O@)_#
#..O)o#
....._......
......###......
..###.. ..###.
. #.. ..# #..
..# ... ..


You could see 4 meat berserkers and 2 bags of meat.

Vanquished Creatures
  5 ogres (D)
  5 orcs (D)
10 creatures vanquished.

Notes
Turn   | Place    | Note
-------+----------+-------------------------------------------
     0 | D        | Found the +∞ Axe of Woe
     0 | D        | fozzywoppz the Gnoll Warper began the quest for the Orb.
     0 | D        | Reached XP level 1. HP: 20/20 MP: 6/6
     1 | D        | Noticed a bag of meat
     2 | D        | Noticed a bag of meat
     2 | D        | Noticed a bag of meat
     3 | D        | Noticed a bag of meat
     4 | D        | Killed a bag of meat
     4 | D        | Noticed a meat berserker
     5 | D        | Reached skill level 10 in Short Blades
     5 | D        | Reached skill level 10 in Long Blades
     5 | D        | Reached skill level 10 in Maces & Flails
     5 | D        | Reached skill level 10 in Polearms
     5 | D        | Reached skill level 10 in Staves
     5 | D        | Reached skill level 10 in Ranged Weapons
     5 | D        | Reached skill level 10 in Throwing
     5 | D        | Reached skill level 10 in Armour
     5 | D        | Reached skill level 10 in Stealth
     5 | D        | Reached skill level 10 in Shields
     5 | D        | Reached skill level 10 in Unarmed Combat
     5 | D        | Reached skill level 10 in Translocations
     5 | D        | Reached skill level 11 in Invocations
     5 | D        | Reached skill level 10 in Evocations
     5 | D        | Reached XP level 2. HP: 37/37 MP: 7/14
     5 | D        | Reached XP level 3. HP: 43/43 MP: 7/15
     5 | D        | Reached XP level 4. HP: 50/50 MP: 7/17
     5 | D        | Reached XP level 5. HP: 55/55 MP: 7/18
     5 | D        | Reached XP level 6. HP: 62/62 MP: 7/20
     5 | D        | Reached XP level 7. HP: 68/68 MP: 7/21
     5 | D        | Reached XP level 8. HP: 75/75 MP: 7/23
     5 | D        | Reached XP level 9. HP: 81/81 MP: 7/24
     5 | D        | Reached XP level 10. HP: 87/87 MP: 7/25
     5 | D        | Reached XP level 11. HP: 93/93 MP: 7/26
     5 | D        | Killed a bag of meat
     5 | D        | Noticed a meat berserker
     6 | D        | Reached skill level 12 in Invocations
     6 | D        | Reached XP level 12. HP: 103/103 MP: 7/28
     7 | D        | Noticed a bag of meat
     8 | D        | Killed a meat berserker
     8 | D        | Killed a bag of meat
     8 | D        | Noticed a meat berserker
     8 | D        | Noticed a meat berserker
     9 | D        | Reached skill level 15 in Spellcasting
     9 | D        | Reached skill level 15 in Invocations
     9 | D        | Reached XP level 13. HP: 114/114 MP: 7/32
     9 | D        | Noticed a meat berserker
    10 | D        | Noticed a bag of meat
    10 | D        | Noticed a meat berserker
    11 | D        | Killed a meat berserker
    11 | D        | Noticed a meat berserker
    12 | D        | Reached skill level 15 in Short Blades
    12 | D        | Reached skill level 15 in Long Blades
    12 | D        | Reached skill level 15 in Maces & Flails
    12 | D        | Reached skill level 15 in Polearms
    12 | D        | Reached skill level 15 in Staves
    12 | D        | Reached skill level 15 in Ranged Weapons
    12 | D        | Reached skill level 15 in Throwing
    12 | D        | Reached skill level 15 in Armour
    12 | D        | Reached skill level 15 in Stealth
    12 | D        | Reached skill level 15 in Shields
    12 | D        | Reached skill level 15 in Unarmed Combat
    12 | D        | Reached skill level 16 in Invocations
    12 | D        | Reached skill level 15 in Evocations
    12 | D        | Reached XP level 14. HP: 125/125 MP: 8/34
    12 | D        | Noticed a meat berserker
    12 | D        | Noticed a meat berserker
    13 | D        | Killed a bag of meat
    13 | D        | Noticed a bag of meat
    14 | D        | Reached skill level 17 in Invocations
    14 | D        | Killed a meat berserker
    14 | D        | Killed a meat berserker
    14 | D        | Killed a meat berserker
    14 | D        | Killed a bag of meat
    14 | D        | Slain by a meat berserker

Illustrated notes

Levels and vault maps discovered:
D:        meatsprint

Skill      XL: |  1  2  3  4  5  6  7  8  9 10 11 12 13 14 |
---------------+-------------------------------------------+-----
Fighting       | 11 12 14 16 | 16.4
Short Blades   | 10 11 14 15 | 15.9
Long Blades    | 10 11 14 15 | 15.9
Axes           | 11 12 14 16 | 16.4
Maces & Flails | 10 11 14 15 | 15.9
Polearms       | 10 11 14 15 | 15.9
Staves         | 10 11 14 15 | 15.9
Ranged Weapons | 10 11 14 15 | 15.9
Throwing       | 10 11 14 15 16 | 16.1
Armour         | 10 11 14 15 16 | 16.1
Dodging        | 11 12 14 16 | 16.4
Stealth        | 10 11 14 15 | 15.9
Shields        | 10 11 14 15 | 15.9
Unarmed Combat | 10 11 14 15 | 15.9
Spellcasting   | 11 12 15 16 | 16.6
Conjurations   | 8 9 12 13 | 13.5
Hexes          | 8 9 12 13 | 13.5
Summonings     | 8 9 12 13 | 13.5
Necromancy     | 8 9 12 13 | 13.5
Translocations | 10 11 13 14 | 14.5
Transmutations | 8 9 12 13 | 13.5
Fire Magic     | 8 9 12 13 | 13.5
Ice Magic      | 8 9 12 13 | 13.5
Air Magic      | 8 9 12 13 | 13.5
Earth Magic    | 8 9 12 13 | 13.5
Poison Magic   | 8 9 12 13 | 13.5
Invocations    | 11 12 15 16 17 | 17.2
Evocations     | 10 11 14 15 | 15.9

Action                     |  1- 3 |  4- 6 |  7- 9 | 10-12 | 13-15 || total
---------------------------+-------+-------+-------+-------+-------++-------
  Melee: Executioner's axe |     1 |       |       |     2 |     3 ||     6

Table legend: (Time is in decaauts)
 A = Elapsed time spent in this place.
 B = Non-inter-level travel time spent in this place.
 C = Inter-level travel time spent in this place.
 D = Time resting spent in this place.
 E = Time spent auto-exploring this place.
 F = Levels seen in this place.
 G = Mean time per level.
                   A        B        C        D        E       F      G
               +--------+--------+--------+--------+--------+-----+--------+
         Total |     14 |     14 |      0 |      0 |      0 |   1 |   14.0 |
       Dungeon |     14 |     14 |      0 |      0 |      0 |   1 |   14.0 |
               +--------+--------+--------+--------+--------+-----+--------+

Top non-repeatable levels by time:
       D: 14 daAuts
